 Dungeon Crawl Stone Soup version 0.25-a0-378-gd2ca0b7745 (webtiles) character file.

Game seed: 1446668772782364935, levelgen mode: classic

367 EnegeticOcto the Skirmisher (level 6, -1/52 HPs)
             Began as a Mummy Chaos Knight on Jan 6, 2020.
             Was a Plaything of Xom.
             Slain by an orc priest (2 damage)
             ... on level 4 of the Dungeon on Jan 7, 2020.
             The game lasted 00:06:33 (3513 turns).

EnegeticOcto the Skirmisher (Mummy Chaos Knight)    Turns: 3513, Time: 00:06:33

Health: -1/52      AC:  8    Str: 16    XL:     6   Next: 41%
Magic:  6/6        EV:  4    Int: 13    God:    Xom [*.....]
Gold:   149        SH:  8    Dex: 11    Spells: 5/5 levels left

rFire    x . .     SeeInvis .   a - +0 spear (chaos)
rCold    + . .     Gourm    .   i - +0 shield
rNeg     + + +     Faith    .   e - +0 chain mail
rPois    ∞         Spirit   .   (no helmet)
rElec    .         Reflect  .   (no cloak)
rCorr    .         Harm     .   (no gloves)
MR       .....                  (no boots)
Stlth    ..........             (no amulet)
HPRegen  0.17/turn              (no ring)
MPRegen  0.10/turn              j - ring of stealth

@: no status effects
A: no food or potions, fire vulnerability, cold resistance 1, negative energy
resistance 3, torment resistance, unbreathing
a: Renounce Religion


You were on level 4 of the Dungeon.
You worshipped Xom.
You were a special plaything of Xom.
You were not hungry.

You visited 1 branch of the dungeon, and saw 4 of its levels.

You collected 149 gold pieces.

Inventory:

Hand Weapons
 a - a +0 spear of chaos (weapon)
Armour
 e - a +0 chain mail (worn)
 i - a +0 shield (worn)
Jewellery
 j - a ring of stealth (right hand)
Scrolls
 c - 2 scrolls of teleportation {@r3 !r}
 d - a scroll of fear {unknown}
 f - a scroll of immolation {unknown}
 h - a scroll of fog {!r}


   Skills:
 + Level 6.0 Fighting
 - Level 2.4 Polearms
 - Level 1.5 Armour
 - Level 0.7 Dodging
 + Level 3.2 Shields


You had 5 spell levels left.
You didn't know any spells.
Your spell library was empty.

Dungeon Overview and Level Annotations

Branches:
Dungeon (4/15)
 Temple: D:4-7

Altars:
Trog
Wu Jian
Xom
Zin


Innate Abilities, Weirdness & Mutations

You do not eat or drink.
Your flesh is vulnerable to fire.
You are immune to poison.
Your flesh is cold resistant. (rC+)
You are immune to negative energy. (rN+++)
You are immune to unholy pain and torment.
You can survive without breathing.


Message History

You hit the orc but do no damage.
The orc suddenly stops moving!
The orc is moderately wounded.
The orc disappears!
No target in view!
No target in view!
No target in view!
No target in view!
An orc priest comes into view. It is wielding a +0 short sword.
The orc priest shouts!
You hear a shout! x3
An orc priest is nearby!
You hit the orc priest. You freeze the orc priest.
The orc priest is moderately wounded.
The orc priest looks encouraged for a moment.
Your chain mail prevents you from hitting the orc priest.
The orc priest is moderately wounded.
The orc priest miscasts a cantrip.
You hit the orc priest but do no damage.
The orc priest is moderately wounded.
You block the orc priest's attack.
You closely miss the orc priest.
The orc priest is moderately wounded.
An orc priest comes into view.
The orc priest hits you with a +0 short sword.
You barely miss the orc priest.
The orc priest is moderately wounded.
An orc wizard comes into view. It is wielding a +0 dagger.
The orc priest mumbles some strange prayers to Beogh against you.
Beogh smites you!
You hear a shout!
Your shield and chain mail prevent you from hitting the orc priest.
The orc priest is moderately wounded.
The orc wizard shouts!
You block the orc priest's attack.
An orc comes into view. It is wielding a +0 mace.
The orc wizard gestures wildly while chanting.
The orc wizard blinks!
Your chain mail prevents you from hitting the orc priest.
The orc priest is moderately wounded.
The orc priest hits you but does no damage.
You hit the orc priest.
The orc priest is heavily wounded.
The orc priest hits you with a +0 short sword.
The orc priest mumbles some strange prayers to Beogh against you.
Beogh smites you!
You are too injured to fight recklessly!
You are too injured to fight recklessly!
You are too injured to fight recklessly!
You are too injured to fight recklessly!
You closely miss the orc priest.
The orc priest is heavily wounded.
The orc priest hits you but does no damage.
You hit the orc priest.
The orc priest seems to speed up.
The orc priest is heavily wounded.
Xom titters.
You are confused.
The orc priest barely misses you.
The orc priest hits you with a +0 short sword.
An orc wizard comes into view. It is wielding a +0 dagger.
The orc priest looks satisfied for a moment.
The orc wizard moves out of view.
You can't drink.
You're too confused to move!
The orc wizard casts a spell at you. The magic dart hits you.
The orc priest casts a cantrip, but nothing happens.
The orc priest looks encouraged for a moment.
You bump into the rock wall.
The orc wizard hits you but does no damage.
The orc priest looks braver for a moment.
You hit the orc priest. You freeze the orc priest.
The orc priest is severely wounded.
You feel less confused. "Hum-dee-hum-dee-hum..."
The orc priest suddenly seems more agile.
The orc priest looks braver for a moment.
The orc wizard hits you but does no damage.
You block the orc priest's attack.
You hit the orc priest. You freeze the orc priest.
You kill the orc priest!
Your Fighting skill increases to level 6!
The orc wizard hits you with a +0 dagger.
You closely miss the orc wizard.
The orc wizard hits you but does no damage.
The orc wizard completely misses you.
You hit the orc wizard.
The orc wizard flickers and vanishes!
The orc wizard points at you and mumbles some strange words.
The magic dart hits you. Something hits you.
* * * LOW HITPOINT WARNING * * *
The orc wizard hits you but does no damage.
You miss something. Something hits you but does no damage.
The orc priest mumbles some strange prayers to Beogh against you.
Beogh smites you!
* * * LOW HITPOINT WARNING * * *
Xom thinks this is hilarious!
The orc wizard barely misses you.
You closely miss the orc priest.
An ogre comes into view. It is wielding a +0 giant spiked club.
The orc priest hits you.
You die...
Xom bursts into laughter!

. #### .. .o# ...
#.# ...O#######.#
........o@o.###.
..........o.#...
##.............
#######...>.....
###....##..........
#......##.......###
#......##.......#
#...>...........#
#.....#######.###


You could see an ogre, an orc priest, an orc wizard and an orc.

Vanquished Creatures
  A boggart (shapeshifter) (D:2)
  2 howler monkeys (D:4)
  2 orc priests
  A hound (D:4)
  3 adders
  5 worms
  2 leopard geckos
  8 orcs (D:3)
  2 giant cockroaches (D:3)
  4 goblins
  14 hobgoblins
  4 jackals
  8 kobolds
  A ball python (D:3)
  6 bats
  6 frilled lizards
  9 rats
78 creatures vanquished.

Notes
Turn   | Place    | Note
-------+----------+-------------------------------------------
     0 | D:1      | EnegeticOcto the Mummy Chaos Knight began the quest for the
                  | Orb.
     0 | D:1      | Reached XP level 1. HP: 18/18 MP: 1/1
   113 | D:1      | Upgraded the game from 0.25-a0-366-g516bc45ae0 to
                  | 0.25-a0-378-gd2ca0b7745
   139 | D:1      | XOM: divination: detect items
   245 | D:1      | Reached XP level 2. HP: 24/24 MP: 2/2
   263 | D:1      | XOM: potion effect (agility)
   412 | D:1      | Reached skill level 4 in Fighting
   428 | D:1      | XOM: divination: magic mapping
   561 | D:1      | XOM: harmless Erth miscast
   670 | D:1      | Reached XP level 3. HP: 30/30 MP: 3/3
   995 | D:2      | Noticed a shapeshifter
   995 | D:2      | a hobgoblin changed into a shapeshifter
   995 | D:2      | Noticed a basilisk
   995 | D:2      | a shapeshifter changed into a basilisk
  1005 | D:2      | XOM: cast spell 'Leda's Liquefaction'
  1007 | D:2      | XOM: cast spell 'Olgreb's Toxic Radiance'
  1011 | D:2      | XOM: divination: magic mapping
  1019 | D:2      | Noticed a fire bat
  1019 | D:2      | a basilisk changed into a fire bat
  1021 | D:2      | Noticed a boggart
  1021 | D:2      | a fire bat changed into a boggart
  1025 | D:2      | Killed a boggart
  1025 | D:2      | Reached skill level 1 in Shields
  1025 | D:2      | Reached XP level 4. HP: 8/38 MP: 4/4
  1053 | D:2      | XOM: scenery: create altars
  1070 | D:2      | XOM: god gift: large iron ring {god gift}
  1409 | D:2      | XOM: 2-stop teleportation journey
  1517 | D:2      | Noticed a moth of wrath
  1519 | D:2      | Found a bloodstained altar of Trog.
  1722 | D:2      | Reached skill level 5 in Fighting
  1873 | D:2      | Found a glowing silver altar of Zin.
  1874 | D:2      | Noticed an angel
  2029 | D:3      | Reached XP level 5. HP: 34/44 MP: 5/5
  2120 | D:3      | XOM: mild Pois miscast
  2121 | D:3      | Found an ornate altar of the Wu Jian Council.
  2172 | D:3      | XOM: divination: magic mapping
  2275 | D:3      | XOM: mild Ice miscast
  2596 | D:3      | XOM: noise
  2621 | D:3      | XOM: noise
  2711 | D:3      | XOM: harmless Hex miscast
  2844 | D:3      | Noticed a shapeshifter
  2844 | D:3      | a worm changed into a shapeshifter
  2844 | D:3      | Noticed a black mamba
  2844 | D:3      | a shapeshifter changed into a black mamba
  2848 | D:3      | HP: 1/44 [black mamba (shapeshifter) (16)]
  2848 | D:3      | XOM: butterfly on damage
  2867 | D:3      | XOM: harmless Ice miscast
  3259 | D:4      | Reached XP level 6. HP: 39/52 MP: 6/6
  3503 | D:4      | XOM: confusion
  3508 | D:4      | XOM: enchant monster (bad)
  3509 | D:4      | Reached skill level 6 in Fighting
  3512 | D:4      | HP: 1/52 [orc priest/divine providence (14)]
  3513 | D:4      | Slain by an orc priest

Levels and vault maps discovered:
D:1:      sevenhm_arrival_forest_fort_small_6, layout_basic
D:2:      layout_rooms, tgw_trog, zin_angel, hangedman_decor_clover_reticule
D:3:      layout_basic, nicolae_overflow_hidden_temple
D:4:      layout_basic, grunt_qazlal_clouds, first_ration

Skill      XL: |  1  2  3  4  5  6 |
---------------+-------------------+-----
Fighting       | 4 5 6 |  6.0
Shields        | 1 2 3 |  3.2
Polearms       | |  2.4
Armour         | |  1.5
Dodging        | |  0.7

Action                   |  1- 3 |  4- 6 || total
-------------------------+-------+-------++-------
Melee: Spear             |   105 |   269 ||   374
  Use: Scroll            |       |     4 ||     4
 Stab: Confused          |     1 |       ||     1
Armor: Leather armour    |    32 |    26 ||    58
       Chain mail        |       |    56 ||    56
Dodge: Dodged            |    33 |    59 ||    92
Block: Shield            |     4 |    85 ||    89

Table legend:
 A = Non-vault XP
 B = Vault XP
 C = Vault XP percentage of total XP
 D = Non-vault monster count
 E = Vault monster count
 F = Vault count percentage of total count
                 A         B        C        D         E       F
            +---------+---------+-------+---------+---------+-------
      Total |     509 |      16 |   3.0 |      73 |       5 |   6.4
            +---------+---------+-------+---------+---------+-------
        D:1 |      41 |       0 |   0.0 |      26 |       0 |   0.0
        D:2 |     129 |      16 |  11.0 |      12 |       5 |  29.4
        D:3 |     133 |       0 |   0.0 |      30 |       0 |   0.0
        D:4 |     206 |       0 |   0.0 |       5 |       0 |   0.0
            +---------+---------+-------+---------+---------+-------
